Map: Abiogenesis LE

Players

Infamous - Winner!

  • Race: Protoss Protoss
  • League: Gold
  • Spawn Location: 5:00

Boomskittle

  • Race: Zerg Zerg
  • League: Silver
  • Spawn Location: 11:00

VOD

Have the link to the VOD?

Description

Time

  • Played on: April 24, 2018, 10:43 a.m.
  • Length: 6:15
Show
View Real Time Build Order
Export as new Build Order

Infamous Protoss - Winner!

Build Orders:  

Get SALT Encoding   

  12  0:01  Probe  
  13  0:14  Probe  
  14  0:21  Pylon  
  14  0:26  Probe  
  15  0:38  Probe  
  15  0:40  Gateway  
  16  0:46  Probe  
  16  0:55  Probe  
  17  1:01  Assimilator  
  18  1:12  Gateway  
  18  1:14  Probe  
  19  1:22  Probe  
  19  1:29  Cybernetics Core  
  19  1:30  Probe  
  20  1:38  Assimilator  
  21  1:40  Probe  
  21  1:43  Pylon  
  22  1:54  Zealot  
  23  2:08  Warp Gate  
  23  2:11  Shield Battery  
  23  2:14  Probe  
  24  2:22  Robotics Facility  
  24  2:32  Probe  
  25  2:43  Stalker x2  
  29  2:49  Probe  
  30  3:08  Observer  
  30  3:12  Nexus  
  31  3:39  Pylon  
  31  3:57  Probe, Immortal, Sentry  
  38  4:04  Pylon  
  39  4:10  Gateway  
  38  4:19  Probe  
  38  4:22  Sentry  
  41  4:26  Immortal  
  41  4:35  Stalker  
  41  4:36  Probe x2  
  49  4:55  Probe x2  
  49  4:58  Adept  
  53  5:21  Zealot  
  55  5:30  Probe x2  
  55  5:32  Immortal  
  61  5:42  Probe  
  62  5:44  Stargate  
  62  5:47  Forge  
  62  5:48  Forge  
Show
View Real Time Build Order
Export as new Build Order

Boomskittle Zerg 

Build Orders: Pool First 

Get SALT Encoding   

  12  0:07  Extractor  
  12  0:08  Drone  
  12  0:12  Drone  
  13  0:31  Spawning Pool  
  12  0:38  Drone  
  13  0:44  Overlord  
  13  0:48  Drone  
  14  1:04  Drone x2  
  16  1:28  Zergling x4  
  18  1:40  Zergling x2  
  18  1:43  Overlord  
  19  1:47  Metabolic Boost  
  20  1:54  Zergling x2  
  20  2:08  Drone  
  21  2:14  Queen  
  23  2:22  Zergling x2  
  24  2:26  Overlord  
  24  2:28  Hatchery  
  23  2:36  Drone  
  24  2:51  Drone  
  25  2:59  Zergling x2  
  26  3:08  Zergling x2  
  27  3:17  Lair  
  27  3:20  Zergling x2  
  27  3:26  Zergling x6  
  31  3:33  Drone  
  32  3:42  Overlord  
  32  3:44  Zergling x2  
  33  3:54  Zergling x2  
  34  3:56  Drone  
  34  4:02  Zergling x2  
  36  4:05  Zergling x2  
  36  4:06  Extractor, Zergling x2  
  37  4:11  Zergling x2  
  37  4:13  Drone x2  
  40  4:18  Zergling x2  
  41  4:29  Drone  
  36  4:55  Overlord  
  36  4:56  Drone  
  36  4:57  Drone  
  36  4:59  Extractor  
  30  5:03  Overlord  
  30  5:04  Zergling x8  
  31  5:14  Drone  
  32  5:23  Zergling x2  
  33  5:30  Infestation Pit  
  33  5:34  Zergling x4  
  33  5:35  Zergling x4  
  36  5:41  Spire  
  35  5:48  Overlord  
  35  5:51  Drone x3  
Tags
 
Matchup
PvZ
Opening
Pool First
Replay Pack
Last Remnant (2)
Spawn Locations
Cross Positions
Add a new tag
Caveats
  • Supply blocks, unpowered buildings, or Contaminate may cause inaccurate times.
  • Supply counts are checked every 10 seconds.